 Dungeon Crawl Stone Soup version 0.25.1-9-gc5326a611f (webtiles) character file.

Game seed: 1601215153323083261

78918 stebl the Fighter (level 15, -4/114 HPs)
             Began as a Demonspawn Gladiator on Dec 25, 2020.
             Was the Champion of Hepliaklqana.
             Slain by a naga
             ... wielding a +0 dire flail
              (17 damage)
             ... on level 1 of the Snake Pit on Dec 27, 2020.
             The game lasted 03:42:03 (37702 turns).

stebl the Fighter (Demonspawn Gladiator)           Turns: 37702, Time: 03:42:04

Health: -4/114     AC: 20    Str: 27    XL:     15   Next: 19%
Magic:  18/18      EV:  7    Int:  9    God:    Hepliaklqana [******]
Gold:   2252       SH: 14    Dex: 15    Spells: 14/14 levels left

rFire    + + +     SeeInvis .   a - +0 morningstar
rCold    x . .     Gourm    .   h - +2 kite shield
rNeg     . . .     Faith    .   u - +0 fire dragon scales
rPois    .         Spirit   .   (helmet restricted)
rElec    .         Reflect  .   W - +2 cloak
rCorr    .         Harm     .   k - +1 pair of gloves
MR       ++...                  R - +0 pair of boots
Stlth    ..........             g - amulet of regeneration
HPRegen  0.69/turn              S - +6 ring of strength
MPRegen  0.16/turn              M - ring of protection from magic

@: lethally poisoned (-4 -> -16), slowed, constricted, very slow
A: reduced essence, horns 2, yellow scales 2, demonic guardian 1, fire
resistance 1
a: Recall Ancestor, Ancestor Identity, Transference, Idealise, Renounce Religion


You were on level 1 of the Snake Pit.
You worshipped Hepliaklqana.
Hepliaklqana was exalted by your worship.
You were not hungry.

You visited 5 branches of the dungeon, and saw 25 of its levels.
You also visited: Ossuary.

You collected 2276 gold pieces.
You spent 24 gold pieces at shops.


Innate Abilities, Weirdness & Mutations

You have a pair of horns on your head.
You are mostly covered in yellow scales. (AC +3)
A weak demonic guardian rushes to your aid.
Your flesh is heat resistant. (rF+)
Your life essence is reduced to manifest your ancestor. (-10% HP)


   Skills:
 - Level 14.6 Fighting
 + Level 14.0 Maces & Flails
 - Level 12.0 Throwing
 - Level 6.2 Armour
 - Level 2.6 Dodging
 - Level 8.0 Shields
 - Level 4.0 Invocations


You had 14 spell levels left.
You didn't know any spells.
Your spell library contained the following spells:

 Spells                   Type           Power        Failure   Level  Hunger
 Infusion                 Chrm           #...         94%         1    ##.....
 Magic Dart               Conj           #...         94%         1    ##.....
 Shock                    Conj/Air       #...         94%         1    ##.....
 Blink                    Tloc           N/A          98%         2    ###....
 Call Imp                 Summ           #.......     98%         2    ###....
 Shroud of Golubria       Chrm/Tloc      #.....       98%         2    ###....
 Slow                     Hex            #.......     98%         2    ###....
 Song of Slaying          Chrm           #.......     98%         2    ###....
 Swiftness                Chrm/Air       #.......     98%         2    ###....
 Confusing Touch          Hex            #.......     100%        3    ####...
 Conjure Flame            Conj/Fire      #.......     100%        3    ####...
 Gell's Gravitas          Tloc           #.........   100%        3    ####...
 Mephitic Cloud           Conj/Pois/Air  #.......     100%        3    ####...
 Ozocubu's Armour         Chrm/Ice       #.......     100%        3    ####...
 Spectral Weapon          Hex/Chrm       #.......     100%        3    ####...
 Spider Form              Tmut/Pois      #.........   100%        3    ####...
 Static Discharge         Conj/Air       #.......     100%        3    ####...
 Airstrike                Air            #.........   100%        4    #####..
 Cause Fear               Hex            #.........   100%        4    #####..
 Petrify                  Tmut/Erth      #.......     100%        4    #####..
 Irradiate                Conj/Tmut      #.........   100%        5    ######.
 Lightning Bolt           Conj/Air       #.........   100%        5    ######.
 Metabolic Englaciation   Hex/Ice        #.........   100%        5    ######.
 Yara's Violent Unravell  Hex/Tmut       #.........   100%        5    ######.
 Eringya's Noxious Bog    Tmut/Pois      #.........   100%        6    #######

Inventory:

Hand Weapons
 a - a +0 morningstar (weapon)
Missiles
 d - 3 throwing nets {=f}
 D - 5 javelins
 X - 9 boomerangs (quivered)
Armour
 h - a +2 kite shield (worn)
 k - a +1 pair of gloves (worn)
 u - +0 fire dragon scales (worn)
 J - a +1 chain mail of cold resistance
 R - a +0 pair of boots (worn)
 W - a +2 cloak (worn)
Jewellery
 g - an amulet of regeneration (around neck)
 A - an uncursed amulet of the acrobat
 C - an uncursed ring of protection from cold
 G - an uncursed amulet of guardian spirit
 M - a ring of protection from magic (right hand)
 N - an uncursed ring of positive energy
 Q - an uncursed ring of stealth
 S - a +6 ring of strength (left hand)
Wands
 b - a wand of acid (7)
 m - a wand of enslavement (24)
 n - a wand of clouds (1)
 s - a wand of iceblast (10)
 y - a wand of flame (66)
 L - a wand of disintegration (17)
 V - a wand of paralysis (15)
Scrolls
 l - 10 scrolls of teleportation {@r4}
 q - 6 scrolls of enchant weapon
 r - 3 scrolls of fear
 v - 4 scrolls of remove curse {@r2}
 x - 3 scrolls of enchant armour
 F - 3 scrolls of magic mapping
Potions
 c - a potion of cancellation
 e - 5 potions of heal wounds {@q2}
 i - 8 potions of curing {@q1}
 j - a potion of resistance
 o - 2 potions of brilliance
 p - 6 potions of ambrosia
 w - 2 potions of might
 z - 2 potions of magic
 B - 3 potions of stabbing
 E - 2 potions of lignification
 I - 3 potions of haste {@q3}
 P - 2 potions of invisibility
 T - 3 potions of flight
 U - 2 potions of mutation
Miscellaneous
 H - a phial of floods
 K - a lightning rod (4/4)
Comestibles
 f - 36 rations {@e1}

Dungeon Overview and Level Annotations

Branches:
Dungeon (15/15)            Temple (1/1) D:4            Lair (6/6) D:9
 Shoals (0/4) Lair:4        Snake (1/4) Lair:4        Slime (0/5) Lair:6
    Orc (2/2) D:11            Elf (0/3) Orc:2        Vaults (0/5) D:14
 Depths (0/5) D:15        Ossuary (visited)

Altars:
Ashenzari
Cheibriados
Dithmenos
Elyvilon
Fedhas
Gozag
Hepliaklqana
Kikubaaqudgha
Makhleb
Nemelex Xobeh
Okawaru
Ru
Sif Muna
Trog
Uskayaw
Vehumet
Wu Jian
Xom
Yredelemnul
Zin
The Shining One
Beogh
Jiyva

Shops:
D:4 %   D:11 *([?   Orc:2 ?}*[

Annotations:
D:7 1 exclusion
D:8 2 transporters, hawla's ghost, novice MiGl
D:9 1 runed translucent door, hawla's ghost, novice DrCj
D:14 Louise
Orc:2 Morgon's ghost, adept GnAE

#. ### . #.#
. . ... ..
#.##.# .#
#.#..###.##
#.........##
#NSNN.....#
#@S....#
#.RN######
#.#.## # ..
#.# .# .# ##


You could see the friendly Dusana the hexer, 2 naga warriors, a guardian
serpent, a black mamba and 2 nagas.


Message History

* * * LOW HITPOINT WARNING * * *
You block the black mamba's attack.
Dusana hits the naga warrior with a +0 dagger of draining!
Dusana drains the naga warrior.
The naga warrior hits you with a +0 trident.
* * * LOW HITPOINT WARNING * * *
x2 The naga warrior constricts you.
The naga barely misses you. You block the naga warrior's attack.
The guardian serpent closely misses you.
The black mamba bites you.
* * * LOW HITPOINT WARNING * * *
The naga hits you with a +0 dire flail.
* * * LOW HITPOINT WARNING * * *
Dusana barely misses the naga warrior.
You puncture the naga warrior! You headbutt the naga warrior!
The naga warrior is severely wounded.
You feel very sick. The black mamba bites you.
* * * LOW HITPOINT WARNING * * *
The guardian serpent hits you but does no damage.
The naga warrior hits you with a +0 trident.
* * * LOW HITPOINT WARNING * * *
The naga warrior constricts you. You block the naga warrior's attack.
You block the naga's attack.
The black mamba bites you but does no damage.
Dusana hits the naga warrior with a +0 dagger of draining.
Dusana drains the naga warrior.
The guardian serpent coils itself and performs some mystic snake dance.
The naga hits you with a +0 dire flail!
You die...

Skill      XL: |  1  2  3  4  5  6  7  8  9 10 11 12 13 14 15 |
---------------+----------------------------------------------+-----
Maces & Flails | 3 4 5 6 7 9 11 12 14 | 14.0
Armour         | 1 2 3 4 6 |  6.2
Fighting       | 3 4 5 7 8 9 11 14 | 14.6
Invocations    | 4 |  4.0
Throwing       | 2 9 11 12 | 12.0
Shields        | 4 7 8 |  8.0
Dodging        | |  2.6

Action                   |  1- 3 |  4- 6 |  7- 9 | 10-12 | 13-15 || total
-------------------------+-------+-------+-------+-------+-------++-------
Melee: Flail             |   140 |   159 |   368 |   684 |  1132 ||  2483
       Headbutt          |    23 |    41 |    78 |   149 |   320 ||   611
       Morningstar       |       |       |       |       |     6 ||     6
Throw: Stone             |       |    17 |    12 |     1 |       ||    30
       Throwing net      |       |       |     3 |       |     2 ||     5
       Boomerang         |       |       |    41 |    80 |   171 ||   292
       Javelin           |       |       |       |       |     8 ||     8
Invok: Recall Ancestor   |       |       |     4 |     3 |     6 ||    13
       Ancestor Identity |       |       |     1 |       |       ||     1
       Ancestor Life: He |       |       |     1 |       |       ||     1
       Transference      |       |       |       |       |     4 ||     4
Evoke: Wand              |       |       |       |    20 |    17 ||    37
       Lightning rod     |       |       |       |       |     3 ||     3
       Phial of floods   |       |       |       |       |     1 ||     1
  Use: Scroll            |       |     9 |     9 |     7 |    11 ||    36
       Potion            |       |       |     2 |       |     3 ||     5
 Stab: Sleeping          |     1 |       |       |       |       ||     1
       Held in net/web   |       |       |     2 |       |     1 ||     3
       Distracted        |       |       |     6 |    10 |    18 ||    34
       Confused          |       |       |     3 |     6 |    16 ||    25
       Paralysed         |       |       |       |       |     3 ||     3
  Eat: Chunk             |     2 |    11 |    14 |    22 |    32 ||    81
       Ration            |       |       |     2 |     5 |     4 ||    11
Armor: Leather armour    |     8 |       |       |       |       ||     8
       Ring mail         |    50 |     5 |       |       |       ||    55
       Chain mail        |       |    88 |   209 |   271 |    98 ||   666
       Fire dragon scale |       |       |       |       |   242 ||   242
Dodge: Dodged            |   100 |    69 |   124 |   171 |   282 ||   746
Block: Buckler           |       |       |       |    45 |    77 ||   122
       Kite shield       |       |       |       |       |   235 ||   235

Levels and vault maps discovered:
D:1:      nzn_arrival_water_spiral, layout_basic
D:2:      minmay_spotlight, layout_rooms
D:3:      gammafunk_wand_slinger, layout_basic, uniq_grinder, uniq_sigmund,
          uniq_jessica
D:4:      layout_gridville, minmay_temple_entry_slanted, first_ration,
          serial_shops, nicolae_shop_competitors_out_of_business, uniq_robin
D:5:      layout_rooms, chequers_temple_overflow_statue_of_worship,
          zin_statuary, enter_ossuary_1
D:6:      layout_basic, minmay_misc_feat_columns,
          grunt_dithmenos_smoke_and_mirrors, uniq_pikel, uniq_eustachio
D:7:      layout_loops_ring, kennysheep_mini_moat, serial_bayou,
          serial_bayou_pond_e, serial_bayou_pond_a, serial_bayou_pond_a,
          serial_bayou_pond_b
D:8:      layout_layer_cave, makhleb_heckhound_becter,
          gammafunk_ghost_stat_death, hangedman_abyss_or_decor_jellyfish_corner,
          uniq_maggie
D:9:      layout_loops_ring, kennysheep_little_box,
          amethyst_overflow_temple_binary, minmay_lair_entry_grove,
          gammafunk_ghost_grave
D:10:     layout_rooms, uniq_josephine
D:11:     layout_loops_ring, hiddenorc1_lemuel, blue_anna_alchemist
          [blue_anna_fruit_fields, blue_anna_fruit_fields],
          minmay_shop_grid_forest, due_unseen_surprise, uniq_psyche, uniq_snorg
D:12:     layout_roguey, serial_curves, eino_curves_03, eino_curves_02,
          amethyst_killhole
D:13:     layout_loops_cross
D:14:     layout_loops_ring, erik_vaults_2, yredelemnul_altar_generic,
          uniq_louise, uniq_nessos
D:15:     grunt_enter_depths_hoard, layout_basic
Temple:   oiseaux_autumnal_temple
Lair:1:   layout_loops_ring, basic_altar, grunt_forest_stairs_basic,
          beast_lair_carwin_7
Lair:2:   layout_regular_city, serial_rivers, chequers_serial_rivers_micro_d,
          chequers_serial_rivers_large_a, chequers_serial_rivers_room_a,
          chequers_serial_rivers_room_b, chequers_serial_rivers_small_b,
          chequers_serial_rivers_micro_e, chequers_serial_rivers_marsh,
          lemuel_fruit_fields
Lair:3:   layout_roguey, beast_lair_carwin_3
Lair:4:   layout_layer_cave, minmay_shoals_entry_hut,
          guppyfry_snake_entry_island, chequers_serial_rivers_micro_a,
          serial_bayou_pond_c, grunt_megastairs_4
Lair:5:   dragon1_lemuel, layout_misc_corridors
Lair:6:   gammafunk_lair_ancient_temple, layout_gridlike, slime_altar_1
Snake:1:  layout_onion_interference, serial_bayou_lake_a, uniq_donald
Orc:1:    layout_caves
Orc:2:    st_orc_mages, layout_caves, ebering_ghost_disaster_area, basic_altar

Notes
Turn   | Place    | Note
-------+----------+-------------------------------------------
     0 | D:1      | stebl the Demonspawn Gladiator began the quest for the Orb.
     0 | D:1      | Reached XP level 1. HP: 16/16 MP: 1/1
    63 | D:1      | Reached skill level 3 in Maces & Flails
   413 | D:1      | Gained mutation: You have a pair of small horns on your
                  | head. [demonic ancestry]
   413 | D:1      | Reached XP level 2. HP: 22/22 MP: 2/2
  1014 | D:1      | Reached XP level 3. HP: 26/27 MP: 3/3
  1135 | D:1      | Reached skill level 4 in Maces & Flails
  1575 | D:2      | Reached XP level 4. HP: 29/33 MP: 4/4
  2029 | D:1      | Reached skill level 5 in Maces & Flails
  2515 | D:3      | Found a transporter.
  2527 | D:3      | Reached XP level 5. HP: 25/38 MP: 5/5
  2723 | D:3      | Noticed Sigmund
  2952 | D:3      | Noticed Jessica
  2958 | D:3      | Killed Jessica
  3100 | D:4      | Found Qijifro's Food Emporium.
  3495 | D:4      | Reached skill level 1 in Armour
  3608 | D:4      | Gained mutation: A weak demonic guardian rushes to your
                  | aid. [demonic ancestry]
  3608 | D:4      | Reached XP level 6. HP: 45/46 MP: 6/6
  3890 | D:4      | Reached skill level 6 in Maces & Flails
  3928 | D:4      | Found a staircase to the Ecumenical Temple.
  3942 | D:4      | Identified a potion of resistance
  3948 | Temple   | Entered the Ecumenical Temple
  4082 | Temple   | Became a worshipper of Hepliaklqana the Forgotten
  4118 | D:4      | Noticed Robin
  4180 | D:4      | Killed Robin
  4180 | D:4      | Reached skill level 3 in Fighting
  4794 | D:5      | Entered Level 5 of the Dungeon
  4838 | D:5      | Reached skill level 2 in Armour
  5026 | D:5      | Gained mutation: Your flesh is heat resistant. (rF+)
                  | [demonic ancestry]
  5026 | D:5      | Reached XP level 7. HP: 46/46 MP: 7/7
  5129 | D:5      | Found a glowing silver altar of Zin.
  5190 | D:5      | Reached * piety under Hepliaklqana
  5263 | D:5      | Found a sand-covered staircase.
  5272 | Ossuary  | Entered an ossuary
  5329 | Ossuary  | Reached skill level 4 in Fighting
  5329 | Ossuary  | Reached skill level 7 in Maces & Flails
  5339 | Ossuary  | HP: 2/48 [mummy (12)]
  5773 | D:5      | Reached XP level 8. HP: 44/54 MP: 8/8
  5838 | D:5      | Found a snail-covered altar of Cheibriados.
  5841 | D:5      | Found a white marble altar of Elyvilon.
  5842 | D:5      | Found an ornate altar of the Wu Jian Council.
  5995 | D:6      | Noticed Eustachio
  6353 | D:6      | Reached skill level 5 in Fighting
  6353 | D:6      | Reached skill level 8 in Maces & Flails
  6572 | D:6      | Noticed Pikel
  7628 | D:6      | Found a shadowy altar of Dithmenos.
  7731 | D:6      | Killed Eustachio
  8119 | D:7      | Reached skill level 9 in Maces & Flails
  8119 | D:7      | Reached skill level 3 in Armour
  8453 | D:7      | Found a shadowy altar of Dithmenos.
  8612 | D:7      | Reached XP level 9. HP: 61/61 MP: 9/9
  8784 | D:8      | Noticed Maggie
  8969 | D:8      | Reached ** piety under Hepliaklqana
  8970 | D:8      | Remembered your ancestor Dusana as a hexer
  9095 | D:6      | Killed Pikel
  9095 | D:6      | Reached skill level 10 in Maces & Flails
  9223 | D:8      | Found a burning altar of Makhleb.
  9407 | D:8      | Reached skill level 6 in Fighting
  9704 | D:8      | Found a transporter.
 10289 | D:8      | Found a transporter.
 10292 | D:8      | Noticed hawla's ghost (novice MiGl)
 10341 | D:8      | Killed Maggie
 10456 | D:3      | Noticed Grinder
 10464 | D:3      | Found a transporter.
 10475 | D:3      | Killed Grinder
 10603 | D:3      | Reached skill level 11 in Maces & Flails
 11600 | D:3      | Killed Sigmund
 11600 | D:3      | Reached skill level 7 in Fighting
 11958 | D:9      | Gained mutation: You are partially covered in yellow
                  | scales. (AC +2) [demonic ancestry]
 11958 | D:9      | Reached XP level 10. HP: 59/71 MP: 10/10
 12218 | D:9      | Found a staircase to the Lair.
 12459 | D:9      | Reached skill level 8 in Fighting
 12459 | D:9      | Reached skill level 12 in Maces & Flails
 12897 | D:9      | Found a runed translucent door.
 12906 | D:9      | Noticed hawla's ghost (novice DrCj)
 13237 | D:9      | Found a sparkling altar of Nemelex Xobeh.
 13249 | D:9      | Found a sacrificial altar of Ru.
 13515 | D:9      | Found an opulent altar of Gozag.
 13966 | D:10     | Entered Level 10 of the Dungeon
 13987 | D:10     | Reached *** piety under Hepliaklqana
 14251 | D:10     | Reached skill level 4 in Armour
 14251 | D:10     | Reached XP level 11. HP: 56/78 MP: 11/11
 14322 | D:10     | Reached skill level 13 in Maces & Flails
 14645 | D:10     | Noticed a two-headed ogre
 14967 | D:10     | Noticed Josephine
 15249 | D:10     | Killed a two-headed ogre
 15249 | D:10     | Reached skill level 5 in Armour
 15460 | D:10     | Killed Josephine
 15924 | Lair:1   | Entered Level 1 of the Lair of Beasts
 16231 | Lair:1   | Reached skill level 1 in Invocations
 16256 | Lair:1   | Reached skill level 14 in Maces & Flails
 16256 | Lair:1   | Reached skill level 2 in Invocations
 16266 | Lair:1   | Reached skill level 3 in Invocations
 16553 | Lair:1   | Found a white marble altar of Elyvilon.
 16591 | Lair:1   | Reached skill level 4 in Invocations
 16922 | Lair:1   | Reached skill level 9 in Fighting
 17286 | Lair:1   | Noticed a seven-headed hydra
 17345 | Lair:1   | Killed a seven-headed hydra
 17345 | Lair:1   | Reached skill level 2 in Throwing
 17570 | Lair:2   | Reached **** piety under Hepliaklqana
 17574 | Lair:2   | Reached skill level 6 in Armour
 18088 | Lair:2   | Gained mutation: You have a pair of horns on your head.
                  | [demonic ancestry]
 18088 | Lair:2   | Reached XP level 12. HP: 75/85 MP: 15/15
 18132 | Lair:2   | Reached skill level 3 in Throwing
 18554 | Lair:2   | Reached skill level 1 in Shields
 18855 | Lair:2   | Noticed a four-headed hydra
 18869 | Lair:2   | Killed a four-headed hydra
 18869 | Lair:2   | Reached skill level 2 in Shields
 19043 | Lair:2   | Reached skill level 4 in Throwing
 19565 | Lair:3   | Reached skill level 3 in Shields
 19953 | Lair:3   | Noticed a six-headed hydra
 19964 | Lair:3   | Killed a six-headed hydra
 20238 | Lair:3   | Reached skill level 5 in Throwing
 20248 | Lair:3   | Reached skill level 4 in Shields
 21442 | Lair:4   | Reached skill level 6 in Throwing
 21499 | Lair:4   | Reached skill level 7 in Throwing
 22192 | Lair:4   | Reached skill level 8 in Throwing
 22608 | Lair:4   | Found a staircase to the Snake Pit.
 22690 | Lair:4   | Reached ***** piety under Hepliaklqana
 22853 | Lair:4   | Found a staircase to the Shoals.
 23572 | Lair:5   | Reached skill level 9 in Throwing
 23763 | Lair:5   | Noticed an eight-headed hydra
 23863 | Lair:5   | Gained mutation: You are mostly covered in yellow scales.
                  | (AC +3) [demonic ancestry]
 23863 | Lair:5   | Reached XP level 13. HP: 90/90 MP: 16/16
 24193 | Lair:5   | Noticed a fire dragon
 24210 | Lair:5   | Killed a fire dragon
 24293 | Lair:5   | Identified Tinauwec's Tome of Captivating Moulding
 24367 | Lair:5   | Reached skill level 10 in Fighting
 24499 | Lair:5   | Reached skill level 10 in Throwing
 24923 | Lair:6   | Entered Level 6 of the Lair of Beasts
 25307 | Lair:6   | Found a staircase to the Slime Pits.
 25307 | Lair:6   | Found a viscous altar of Jiyva.
 26232 | Lair:6   | Reached skill level 11 in Fighting
 26445 | Lair:6   | Reached skill level 11 in Throwing
 26848 | Lair:6   | Got a fading great mace
 26893 | Lair:6   | Identified the +7 great mace of Dissolution {elec, MR+
                  | Str-3 Int+2} (You found it on level 6 of the Lair of
                  | Beasts)
 27290 | D:11     | Noticed Psyche
 27330 | D:11     | Killed Psyche
 27605 | D:11     | Noticed Snorg
 27623 | D:11     | Killed Snorg
 28030 | D:11     | Found a staircase to the Orcish Mines.
 28177 | D:11     | Found Qocotycs's Magic Scroll Shop.
 28177 | D:11     | Found Ruomick's Antique Weapon Shop.
 28180 | D:11     | Found Motus's Antique Armour Shop.
 28183 | D:11     | Bought a scroll of identify for 24 gold pieces
 28185 | D:11     | Found Bocumo Hagy's General Store.
 28875 | D:12     | Reached XP level 14. HP: 101/102 MP: 17/17
 28913 | D:12     | Reached ****** piety under Hepliaklqana
 29368 | D:12     | Reached skill level 12 in Fighting
 29573 | D:12     | You fall into a shaft and drop 3 floors!
 29573 | D:15     | Entered Level 15 of the Dungeon
 29778 | D:14     | Found a gate to the Vaults.
 29784 | D:14     | Noticed Louise
 29806 | D:15     | Found a staircase to the Depths.
 29833 | D:15     | Reached skill level 12 in Throwing
 30550 | D:13     | Reached skill level 13 in Fighting
 31777 | Orc:1    | Entered Level 1 of the Orcish Mines
 32007 | Orc:1    | Noticed an orc warlord
 32020 | Orc:2    | Entered Level 2 of the Orcish Mines
 32055 | Orc:1    | Reached skill level 5 in Shields
 32198 | Orc:2    | Found a roughly hewn altar of Beogh.
 32231 | Orc:2    | Found a staircase to the Elven Halls.
 32274 | Orc:1    | HP: 10/106 [orc warrior/+4 flail[an orc knight] (15)]
 32862 | Orc:2    | Paralysed by an orc sorcerer for 6 turns
 32874 | Orc:1    | HP: 9/106 [orc priest/divine providence[an orc warlord]
                  | (8)]
 32875 | Orc:1    | HP: 1/106 [orc priest/divine providence[an orc warlord]
                  | (8)]
 33654 | Orc:2    | Reached skill level 6 in Shields
 33732 | Orc:2    | Found Ytunyetu's Magic Scroll Emporium.
 33732 | Orc:2    | Found Regh's Armour Shoppe.
 33732 | Orc:2    | Found Vaorchof's Gadget Emporium.
 33737 | Orc:2    | Found Askuot's General Store.
 33790 | Orc:2    | Found a large runed translucent door.
 33790 | Orc:2    | Noticed Morgon's ghost (adept GnAE)
 33791 | Orc:2    | Found a large runed translucent door.
 34308 | Orc:1    | Killed an orc warlord
 34375 | Orc:1    | Reached skill level 14 in Fighting
 35305 | D:14     | Noticed Nessos
 35481 | D:14     | Reached skill level 7 in Shields
 35755 | D:14     | Killed Nessos
 35755 | D:14     | Reached XP level 15. HP: 69/114 MP: 14/18
 36076 | D:14     | Found a basalt altar of Yredelemnul.
 36971 | D:15     | Reached skill level 8 in Shields
 37649 | Snake:1  | Entered Level 1 of the Snake Pit
 37702 | Snake:1  | Slain by a naga

Vanquished Creatures
  An orc warlord (Orc:1)
  Nessos (D:14)
  Snorg (D:11)
  2 fire dragons
  Josephine (D:10)
  6 hydras
  A merfolk avatar (Lair:6)
  6 vault guards (D:14)
  2 centaur warriors
  5 two-headed ogres
  A tengu warrior (D:13)
  4 orc high priests
  A sea snake (Lair:6)
  A lindwurm (shapeshifter) (D:14)
  Pikel (D:6)
  An orc knight (D:13)
  2 deep elf magi (D:14)
  An orc sorcerer (Orc:2)
  A cyclops (D:15)
  5 ugly things
  4 elephants (Lair:4)
  Psyche (D:11)
  2 black mambas
  10 spiny frogs
  A gargoyle (D:12)
  A rime drake (shapeshifter) (D:15)
  A rime drake (Lair:6)
  A kobold demonologist (D:13)
  4 polar bears
  2 efreet
  8 komodo dragons
  2 trolls
  Grinder (D:3)
  A hornet (Lair:6)
  8 slime creatures
  8 blink frogs
  9 hippogriffs
  A shadow (D:11)
  4 wraiths
  3 basilisks
  41 yaks
  2 wyverns
  Eustachio (D:6)
  3 nagas
  12 water moccasins
  13 porcupines
  A black bear (D:11)
  4 ice beasts
  24 orc warriors
  A necrophage (D:13)
  A sky beast (D:15)
  8 ogres
  5 wolves (Lair:5)
  12 crocodiles
  9 centaurs
  A big kobold (D:13)
  15 bullfrogs
  A wyvern zombie (D:14)
  3 scorpions
  A wyvern skeleton (D:14)
  An electric eel (Lair:4)
  3 howler monkeys
  A bullfrog zombie (D:9)
  4 centaur zombies
  7 crimson imps
  A bullfrog skeleton (D:12)
  A quasit (D:9)
  7 centaur skeletons
  3 jellies
  22 orc priests
  15 orc wizards
  7 hounds
  Jessica (D:3)
  2 iguanas
  2 hexers
  8 worker ants
  A killer bee zombie (D:7)
  A big kobold zombie (Ossuary)
  A hound zombie (D:6)
  3 mummies (Ossuary)
  Robin (D:4)
  A worker ant zombie (D:10)
  An ancestor (D:6)
  10 gnolls
  7 adders
  2 oozes
  An adder skeleton (D:4)
  An adder zombie (D:9)
  4 worms
  4 dart slugs
  6 leopard geckos
  64 orcs
  2 ball pythons
  5 giant cockroaches
  10 goblins
  2 hobgoblins (D:2)
  2 jackals (D:5)
  16 kobolds
  3 quokkas (D:4)
  11 bats
  5 frilled lizards
  6 rats
  A butterfly (Lair:2)
  A fungus (Lair:3)
531 creatures vanquished.

Vanquished Creatures (collateral kills)
  A fire dragon (D:15)
  2 vault guards (D:14)
  2 hydras
  2 two-headed ogres
  An ogre mage (D:15)
  An orc high priest (Orc:2)
  An orc knight (Orc:1)
  A harpy (Lair:6)
  An ugly thing (D:15)
  An elephant (Lair:4)
  3 rime drakes
  Maggie (D:8)
  7 spiny frogs
  A komodo dragon (Lair:4)
  2 polar bears
  A troll (D:9)
  A snapping turtle (Lair:4)
  4 blink frogs
  A slime creature (D:13)
  A hippogriff (Lair:6)
  Sigmund (D:3)
  A wraith (D:10)
  9 yaks
  2 wyverns
  A basilisk (Lair:3)
  A hungry ghost (D:11)
  A warg (D:13)
  A naga (Lair:4)
  3 water moccasins
  5 porcupines
  6 orc warriors
  2 sky beasts
  2 slaves (D:6)
  3 ice beasts
  5 ogres
  3 centaurs
  3 crocodiles
  3 big kobolds
  4 bullfrogs
  A howler monkey (D:9)
  An electric eel (D:7)
  A crimson imp (D:12)
  2 centaur zombies
  A bullfrog zombie (D:7)
  A jelly (D:5)
  11 orc wizards
  6 orc priests
  2 hounds
  An iguana (D:12)
  2 worker ants
  3 big kobold zombies (Ossuary)
  2 mummies (Ossuary)
  A gnoll (D:6)
  4 adders
  A shadow imp (D:14)
  2 adder skeletons (D:5)
  A leopard gecko (D:6)
  25 orcs
  3 giant cockroaches
  5 goblins (D:4)
  2 hobgoblins (D:4)
  2 kobolds
  A quokka (D:5)
  3 hobgoblin zombies (Ossuary)
175 creatures vanquished.

Vanquished Creatures (others)
  A porcupine (Lair:5)
  A hound (D:5)
  An orc wizard (Orc:2)
  43 hexers
  7 ancestors
  A quokka (D:7)
  2 bushes (D:9)
  22 fungi
  27 plants
  2 withered plants (D:9)
107 creatures vanquished.

Grand Total: 813 creatures vanquished

Table legend:
 A = Turns spent in this place as a percentage of turns spent in the entire game.
 B = Non-inter-level travel turns spent in this place as a percentage of non-inter-level travel turns spent in the entire game.
 C = Inter-level travel turns spent in this place as a percentage of turns spent in this place.
 D = Turns resting spent in this place as a percentage of non-inter-level travel turns spent in this place.
 E = Turns spent auto-exploring this place as a percentage of non-inter-level travel turns spent in this place.
 F = Non-inter-level travel turns spent in this place divided by the number of levels of this place that you've seen.
                   A       B       C       D       E      F
               +-------+-------+-------+-------+-------+----------------------
         Total | 100.0 | 100.0 |   4.8 |  33.0 |  44.2 | 1380.0
       Dungeon |  61.3 |  60.8 |   5.7 |  32.8 |  43.8 | 1454.8
        Temple |   0.4 |   0.4 |  10.5 |   0.0 |  88.3 | 145.0
          Lair |  29.8 |  30.2 |   3.7 |  33.6 |  47.8 | 1804.5
     Snake Pit |   0.0 |   0.0 |   0.0 |   0.0 |   0.0 |   8.0
  Orcish Mines |   7.6 |   7.8 |   2.9 |  36.9 |  29.9 | 1395.0
       Ossuary |   0.8 |   0.8 |   0.0 |   0.0 |  49.0 | 288.0
               +-------+-------+-------+-------+-------+----------------------

Table legend:
 A = Non-vault XP
 B = Vault XP
 C = Vault XP percentage of total XP
 D = Non-vault monster count
 E = Vault monster count
 F = Vault count percentage of total count
                 A         B        C        D         E       F
            +---------+---------+-------+---------+---------+-------
      Total |   76727 |   36014 |  31.9 |     535 |     165 |  23.6
            +---------+---------+-------+---------+---------+-------
        D:1 |      67 |       0 |   0.0 |      30 |       0 |   0.0
        D:2 |     103 |      14 |  12.0 |      21 |       2 |   8.7
        D:3 |      44 |     494 |  91.8 |      12 |       4 |  25.0
        D:4 |     294 |      37 |  11.2 |      13 |      12 |  48.0
        D:5 |     636 |       0 |   0.0 |      26 |       0 |   0.0
        D:6 |     410 |     650 |  61.3 |      14 |       2 |  12.5
        D:7 |     643 |     173 |  21.2 |      16 |       4 |  20.0
        D:8 |     887 |     595 |  40.1 |      18 |       3 |  14.3
        D:9 |    3241 |    2093 |  39.2 |      37 |      14 |  27.5
       D:10 |    3746 |    1412 |  27.4 |      28 |       3 |   9.7
       D:11 |    2323 |    1771 |  43.3 |      26 |      20 |  43.5
       D:12 |    3285 |       0 |   0.0 |      26 |       0 |   0.0
       D:13 |    7392 |       0 |   0.0 |      31 |       0 |   0.0
       D:14 |    6605 |    9048 |  57.8 |      27 |       9 |  25.0
       D:15 |    8641 |    2125 |  19.7 |      19 |       2 |   9.5
     Lair:1 |    3991 |     897 |  18.4 |      18 |       5 |  21.7
     Lair:2 |    4335 |       0 |   0.0 |      17 |       0 |   0.0
     Lair:3 |    3393 |     658 |  16.2 |      13 |       5 |  27.8
     Lair:4 |    6462 |     824 |  11.3 |      25 |       4 |  13.8
     Lair:5 |    7673 |    1071 |  12.2 |      33 |       1 |   2.9
     Lair:6 |    5581 |    8305 |  59.8 |      22 |      21 |  48.8
      Orc:1 |    6043 |      43 |   0.7 |      41 |       1 |   2.4
      Orc:2 |     932 |    5523 |  85.6 |      22 |      38 |  63.3
    Ossuary |       0 |     281 | 100.0 |       0 |      15 | 100.0
            +---------+---------+-------+---------+---------+-------
